[Event "Late-Titled-Tuesday-Blitz-March-05-2024"]
[Site "Chess.com"]
[Date "2024.03.05"]
[Round "3"]
[White "lefonghua"]
[Black "Kopytkin"]
[Result "1-0"]
[WhiteElo "2612"]
[BlackElo "2443"]
[TimeControl "180+1"]
[EndTime "14:28:25 PST"]
[Termination "lefonghua won on time"]

1. d4 e6 2. c4 f5 3. g3 Nf6 4.
Bg2 Be7 5. Nf3 O-O 6. O-O d6 7. Nc3 Qe8 8. Re1 Qg6 9. e4 Nxe4 10.
Nxe4 fxe4 11. Rxe4 Nc6 12. Re1 Bf6 13. Be3 Kh8 14.
Qd2 e5 15. dxe5 Nxe5 16. Nxe5 Bxe5 17. f4 Bf6 18. Bd4 Bf5 19. Bxb7 Rab8 20. Bg2 a6 21. b3 Rbe8 22. Qc3 h5 23. Bxf6 Qxf6 24. Qxf6 gxf6 25. Bc6 Rxe1+ 26. Rxe1 Kg7 27. Kf2 a5 28. Re7+ Rf7 29. Rxf7+ Kxf7 30. Ke3 Bb1 31. a3 Bc2 32. b4 axb4 33. axb4 h4 34. g4 Ke7 35. Be4 Bb3 36. Kd4 Bd1 37. Bf5 Be2 38. g5 fxg5 39.
fxg5 Bf3 40. Be4 Bh5 41. Bd5 Bg6 42. Ke3 c5 43. b5 Bf5 44. b6 1-0

[Event "Late-Titled-Tuesday-Blitz-March-05-2024"]
[Site "Chess.com"]
[Date "2024.03.05"]
[Round "3"]
[White "bazar-wokzal"]
[Black "vladoboch"]
[Result "0-1"]
[WhiteElo "2571"]
[BlackElo "2446"]
[TimeControl "180+1"]
[EndTime "14:28:26 PST"]
[Termination "vladoboch won by resignation"]

1. e4 e5 2. Bc4 Nc6 3. f4 d6 4. Nf3 Nf6 5. Nc3 Be7 6. O-O O-O 7. d3 Na5 8. f5 Nxc4 9. dxc4 c6 10. Bg5 Qb6+ 11.
Kh1 Qxb2 12. Qd3 Qb6 13. Bxf6 Bxf6 14. g4 h6 15. h4 Qd8 16. g5 hxg5 17. hxg5 Bxg5 18.
Nxg5 Qxg5 19. Rf2 g6 20. Rh2 Qf6 21. Qh3 Qg7 22. f6 Bxh3 23. fxg7 Kxg7 24. Rxh3 Rh8 25.
Rxh8 Rxh8+ 26. Kg2 Kf6 27. a4 Ke6 28. a5 f5 29. Rb1 Rh7 30. Kg3 f4+ 31. Kg2 g5 32. a6 b6 33. Ra1 g4 34. Rh1 f3+ 35. Kg1 f2+ 36. Kxf2 Rxh1 37. Ne2 Ra1 38. Kg3 Rxa6 39. Kxg4 Ra2 40. Kf3 Rxc2 41. Ng3 Rc3+ 42. Kg4 Rxg3+ 43. Kxg3 a5 44. Kf3 a4 45. Ke3 b5 46. Kd3 b4 47.
Kc2 a3 0-1

[Event "Late-Titled-Tuesday-Blitz-March-05-2024"]
[Site "Chess.com"]
[Date "2024.03.05"]
[Round "3"]
[White "TenisMaster"]
[Black "GothamChess"]
[Result "1-0"]
[WhiteElo "2885"]
[BlackElo "2671"]
[TimeControl "180+1"]
[EndTime "14:28:27 PST"]
[Termination "TenisMaster won on time"]

1. e4 d5 2. exd5 Qxd5 3. Nc3 Qa5 4. d4 Nf6 5. Nf3 Bf5 6. Bd2 e6 7. Ne5 Qb6 8. Qf3 Nbd7 9. O-O-O c6 10. Qg3 Bg6 11.
h4 Bd6 12. f4 O-O-O 13. Be2 Rhg8 14. h5 Be4 15. Nxf7 Bc7 16. Nxd8 Rxd8 17. Rhe1 Bf5 18.
Bc4 Re8 19. Be3 Nxh5 20. Qf3 Nhf6 21. d5 Qb4 22. dxe6 Qxc4 23. exd7+ Bxd7 24. Bd2 Rd8 25. Qe2 Qb4 26. Nd5 Qa4 27. Nc3 Qb4 28. a3 Qa5 29. Qc4 Nd5 30. Nxd5 Qxd5 31. Qxd5 cxd5 32. Re7 Bg4 33.
Rde1 Rd7 34. Re8+ Rd8 35. Bb4 b6 36. g3 Bf5 37. R1e7 Bg6 38. Rxd8+ Kxd8 39. Rxg7 a5 40. Be7+ Ke8 41. Bf6 Bd6 42. Bd4 b5 43. Rb7 b4 44.
a4 Be4 45. Ra7 1-0

[Event "Late-Titled-Tuesday-Blitz-March-05-2024"]
[Site "Chess.com"]
[Date "2024.03.05"]
[Round "3"]
[White "chegueps"]
[Black "Mikhal867"]
[Result "0-1"]
[WhiteElo "2651"]
[BlackElo "2492"]
[TimeControl "180+1"]
[EndTime "14:28:27 PST"]
[Termination "Mikhal867 won on time"]

1. d4 Nf6 2. Nf3 g6 3. g3 Bg7 4. Bg2 O-O 5. O-O d6 6. b3 a5 7. a4 Na6 8. Bb2 Nb4 9. Nbd2 d5 10. Ne5 c6 11. c3 Na6 12. Ba3 Nd7 13. Nd3 Re8 14.
e4 dxe4 15. Nxe4 Nf6 16. Ng5 Bf5 17. Ne5 Rf8 18. Re1 h6 19. Ngf3 Nd5 20. Qd2 Re8 21.
Re2 b5 22. Nxc6 Qb6 23. axb5 Qxb5 24. c4 Qxc6 25. cxd5 Qxd5 26. Nh4 Qxb3 27. Nxf5 gxf5 28. Bxa8 Rxa8 29. Bxe7 a4 30. Qa5 Bxd4 31. Qxa4 Qd3 32. Qc6 Qxe2 33. Qxa8+ Kh7 34. Rf1 Nc7 35. Qc6 Qxe7 36.
Qc4 Ne6 37. Re1 Qf6 38. Qd3 Kg7 39. h4 f4 40. Kg2 fxg3 41. Qxg3+ Qg6 42. Re4 h5 43.
Qxg6+ Kxg6 44. Kf3 Bf6 45. Kg3 Nd4 0-1

[Event "Late-Titled-Tuesday-Blitz-March-05-2024"]
[Site "Chess.com"]
[Date "2024.03.05"]
[Round "3"]
[White "jcibarra"]
[Black "EsmeraldasAnderson03"]
[Result "1-0"]
[WhiteElo "2931"]
[BlackElo "2526"]
[TimeControl "180+1"]
[EndTime "14:28:27 PST"]
[Termination "jcibarra won by resignation"]

1. e4 c5 2. Nf3 d6 3. c3 Nf6 4. h3 Nc6 5. Bd3 e5 6. Bc2 Be7 7. d4 cxd4 8. cxd4 exd4 9. Nxd4 Nxd4 10. Qxd4 O-O 11. Nc3 Be6 12. O-O a6 13. Rd1 Rc8 14.
Bf4 Rc4 15. Qd3 Qb6 16. Bb3 Rc6 17. Nd5 Bxd5 18. exd5 Rc7 19. Re1 Rfc8 20. Be3 Qb4 21. Bd2 Qh4 22. Bc3 Bf8 23. Qf3 Qg5 24. Re3 Re7 25. Rae1 Rce8 26. Rxe7 Rxe7 27. Rd1 Ne4 28. Bb4 Re5 29. Bc2 Nf6 30. Bd2 Qh4 31. Bc3 Re8 32.
Rd4 Qg5 33. Rf4 Nxd5 34. Rd4 Nxc3 35. bxc3 Re1+ 36. Kh2 Qe5+ 37. g3 Rc1 38. Bb3 Qe7 39. Re4 Qc7 40. Rf4 Kh8 41. Rxf7 Be7 42. Rf8+ 1-0

[Event "Late-Titled-Tuesday-Blitz-March-05-2024"]
[Site "Chess.com"]
[Date "2024.03.05"]
[Round "3"]
[White "northridgehawk"]
[Black "Perecke"]
[Result "0-1"]
[WhiteElo "2324"]
[BlackElo "2545"]
[TimeControl "180+1"]
[EndTime "14:28:27 PST"]
[Termination "Perecke won by checkmate"]

1. e4 c5 2. Nf3 e6 3. d3 g6 4.
Nbd2 Bg7 5. g3 Ne7 6. Bg2 O-O 7. O-O d5 8. Re1 Nbc6 9. h4 f5 10. exd5 exd5 11. c3 f4 12. gxf4 Bg4 13. Nf1 Nf5 14.
N1h2 Bh5 15. Qc2 Nxh4 16. Nxh4 Qxh4 17. Bxd5+ Kh8 18. Bg2 Bh6 19. Qb3 Bxf4 20. Bxf4 Qxf4 21. Qxb7 Ne5 22. f3 Qg3 23. Re3 Rad8 24. Qe4 Rde8 25. f4 Qxh2+ 26. Kxh2 Ng4+ 27. Kg3 Nxe3 28. Qc6 Nxg2 29.
Kxg2 Re2+ 30. Kg3 Re3+ 31. Kf2 Rxd3 32. Qc7 Rf3+ 33. Ke1 Re8+ 34. Kd2 Rf2+ 35. Kd3 Be2+ 36. Kc2 Bc4+ 37. Kd1 Be2+ 38. Ke1 Rf1+ 39. Kd2 Rxa1 40. Qf7 Rd1+ 41. Kc2 Rdd8 42. Qf6+ Kg8 43. Qc6 Bd1+ 44.
Kc1 Bg4 45. b3 Re1+ 46. Kb2 Re2+ 47. Ka3 Ree8 48. Qxc5 Bf5 49. Qc4+ Be6 50. Qd4 Rxd4 51. cxd4 Bd5 52. Kb4 h5 53. Kc5 Rd8 54. b4 h4 55. a4 h3 56. b5 h2 57. a5 h1=Q 58. b6 Qc1+ 59. Kb5 a6+ 60. Kxa6 Ra8+ 61. Kb5 Qc4# 0-1

[Event "Late-Titled-Tuesday-Blitz-March-05-2024"]
[Site "Chess.com"]
[Date "2024.03.05"]
[Round "3"]
[White "LUISMIGUELOV"]
[Black "NovakRatko"]
[Result "0-1"]
[WhiteElo "2164"]
[BlackElo "2400"]
[TimeControl "180+1"]
[EndTime "14:28:27 PST"]
[Termination "NovakRatko won on time"]

1. d4 d5 2. c3 c5 3. dxc5 a5 4. Nf3 Nc6 5. Bf4 f6 6. e3 e5 7.
Bg3 Bxc5 8. Bb5 Ne7 9. O-O Bg4 10. h3 Bh5 11. Be2 Qb6 12. Qb3 Bxe3 13. fxe3 Qxe3+ 14. Rf2 e4 15. Nd4 Qxg3 16. Bxh5+ g6 17. Bg4 f5 18. Nxc6 bxc6 19. Qb7 Rb8 20. Qa7 fxg4 21. hxg4 Rf8 22. Rxf8+ Kxf8 23. Na3 Rxb2 24. Rf1+ Kg8 25. Rf2 Rxf2 26.
Qxf2 Qxf2+ 27. Kxf2 Kf7 28. Ke3 Ke6 29. Nc2 c5 30.
Kf4 h6 31. g5 hxg5+ 32. Kxg5 Ke5 33. Ne3 d4 34. cxd4+ cxd4 35. Nc4+ Kd5 36. Nxa5 d3 37. Nb3 e3 38. a4 e2 0-1

[Event "Late-Titled-Tuesday-Blitz-March-05-2024"]
[Site "Chess.com"]
[Date "2024.03.05"]
[Round "3"]
[White "rychessmaster1"]
[Black "Antipov_Mikhail_Al"]
[Result "1-0"]
[WhiteElo "2719"]
[BlackElo "2935"]
[TimeControl "180+1"]
[EndTime "14:28:28 PST"]
[Termination "rychessmaster1 won on time"]

1. d4 Nf6 2. c4 e6 3. Nf3 d5 4.
Nc3 Bb4 5. e3 O-O 6. Bd2 Be7 7. Rc1 Nbd7 8. cxd5 exd5 9. Bd3 c6 10.
O-O Bd6 11. Ne2 Re8 12. Qb3 Ne4 13. Bb4 Bc7 14. Qc2 Ndf6 15. Ng3 Bd7 16. Nd2 Nxg3 17. hxg3 g6 18. Rfe1 Rc8 19. Nf3 Bb8 20. Bc3 Ne4 21. Ne5 Nxc3 22. Qxc3 Be6 23. f4 f6 24. Nf3 Qd7 25.
b4 a6 26. a4 Bf5 27. Kf2 Rc7 28. Nd2 Bxd3 29. Qxd3 Qd6 30. b5 axb5 31. axb5 c5 32.
dxc5 Rxc5 33. Nb3 Rxc1 34. Rxc1 Ba7 35. Nd4 Kg7 36. Qc3 Bb6 37. Rd1 Re7 38. Nc2 Rc7 39.
Qd3 Qc5 40. Nd4 Re7 41. Kg1 Kf7 42. Kh2 Qc4 43. Qa3 Bc5 44. Qa8 Bb6 45. Qa3 Re8 46. Rc1 1-0

[Event "Late-Titled-Tuesday-Blitz-March-05-2024"]
[Site "Chess.com"]
[Date "2024.03.05"]
[Round "3"]
[White "Eeleyah"]
[Black "jinbojinbo"]
[Result "0-1"]
[WhiteElo "2462"]
[BlackElo "2636"]
[TimeControl "180+1"]
[EndTime "14:28:28 PST"]
[Termination "jinbojinbo won on time"]

1. d4 Nf6 2. c4 g6 3. g3 Bg7 4. Bg2 O-O 5. Nc3 d6 6. Nf3 Nbd7 7. O-O e5 8. e4 c6 9. h3 Qa5 10. d5 cxd5 11. cxd5 b5 12. Re1 b4 13. Qa4 Qb6 14. Be3 Qb8 15. Ne2 Nxe4 16. Nxe5 Nxe5 17. Bxe4 Bxh3 18.
Nd4 a5 19. Nc6 Qb7 20. Rad1 Nc4 21. Qc2 Nxe3 22. Rxe3 Qd7 23. Rde1 Rfe8 24. Bf3 h5 25. Be4 Bh6 26. R3e2 Bg7 27. Bxg6 Rxe2 28. Bh7+ Kh8 29.
Qxe2 Kxh7 30. Qxh5+ Kg8 31. Ne7+ Kf8 32. f3 Re8 33. Qh4 Bf5 34. g4 Bc2 35. Re2 Bd3 36. Re3 Qa7 37. Qh7 Bxh7 0-1

[Event "Late-Titled-Tuesday-Blitz-March-05-2024"]
[Site "Chess.com"]
[Date "2024.03.05"]
[Round "3"]
[White "Ykow"]
[Black "NikolaGry"]
[Result "1-0"]
[WhiteElo "2520"]
[BlackElo "2701"]
[TimeControl "180+1"]
[EndTime "14:28:32 PST"]
[Termination "Ykow won on time"]

1. e4 d5 2. exd5 Nf6 3. Nf3 Nxd5 4. d4 g6 5. c4 Nb6 6. Nc3 Bg7 7. h3 O-O 8. Be3 Nc6 9. Be2 e5 10. d5 Ne7 11. O-O Nf5 12. Bc5 Re8 13. Bd3 Nd6 14. Nd2 f5 15. Re1 e4 16. Bf1 Nd7 17. Ba3 b6 18.
Rc1 a5 19. Nb3 Qf6 20. Nb5 Nxb5 21. cxb5 a4 22. Nd2 Nc5 23. Nc4 Bb7 24. d6 Rad8 25. Qc2 Rxd6 26. Nxd6 cxd6 27. Rcd1 f4 28. Bc4+ Kh8 29.
Bd5 Bxd5 30. Rxd5 e3 31. b4 axb3 32. axb3 Qe6 33. Rdd1 Bh6 34. b4 Ne4 35. fxe3 fxe3 36. Bc1 Ng3 37. Qc3+ Bg7 38. Qd3 Nf5 39. Re2 d5 40. Qxd5 Qe7 41. g4 Nd4 42. Rxd4 Rc8 43. Bxe3 Qc7 44. Kg2 1-0

[Event "Late-Titled-Tuesday-Blitz-March-05-2024"]
[Site "Chess.com"]
[Date "2024.03.05"]
[Round "3"]
[White "Zadar321"]
[Black "secretworker2027"]
[Result "0-1"]
[WhiteElo "2481"]
[BlackElo "2658"]
[TimeControl "180+1"]
[EndTime "14:28:32 PST"]
[Termination "secretworker2027 won on time"]

1. e4 c5 2. Nf3 Nc6 3. d4 cxd4 4. Nxd4 e5 5. Nb5 d6 6. N1c3 a6 7. Na3 b5 8. Nd5 Nge7 9. c4 Nd4 10. Be3 Nxd5 11.
cxd5 f5 12. Bd3 Qa5+ 13. Bd2 Qb6 14. Nc2 f4 15. Nxd4 Qxd4 16. Bxf4 Qxb2 17. Be3 Qc3+ 18. Ke2 Be7 19. Qb3 Qa5 20. a4 b4 21. Rhc1 O-O 22. f3 Qd8 23. Qxb4 Bg5 24. a5 Bxe3 25. Kxe3 Qh4 26.
Be2 Qxh2 27. Qxd6 Qxg2 28. Qxe5 Bg4 29. fxg4 Rae8 30. Qd4 Rf2 31. Re1 Ref8 32. d6 Qh2 33. d7 Qf4+ 34. Kd3 Qg3+ 35. Kd2 Qf4+ 36. Kc3 Kh8 37.
Rad1 Qc7+ 38. Kd2 Qxa5+ 39. Ke3 Qg5+ 40. Kd3 R2f7 41. Kc2 Rd8 0-1

[Event "Late-Titled-Tuesday-Blitz-March-05-2024"]
[Site "Chess.com"]
[Date "2024.03.05"]
[Round "3"]
[White "Chopper1905"]
[Black "Goryachkina"]
[Result "1-0"]
[WhiteElo "2966"]
[BlackElo "2707"]
[TimeControl "180+1"]
[EndTime "14:28:33 PST"]
[Termination "Chopper1905 won by checkmate"]

1. c4 Nf6 2. Nc3 c5 3. Nf3 Nc6 4. g3 g6 5. Bg2 Bg7 6. d4 cxd4 7. Nxd4 O-O 8. O-O Qa5 9. e3 d6 10. Bd2 Nxd4 11. exd4 Qc7 12. b3 Bg4 13. Qe1 Qd7 14. Rc1 Rfe8 15. Be3 Rac8 16. d5 b6 17. Qd2 Bh3 18.
Rfe1 Bxg2 19. Kxg2 Ng4 20. Bd4 h5 21. Bxg7 Kxg7 22.
Qd4+ Kg8 23. Rcd1 Qf5 24. Rd3 h4 25. f3 Ne5 26. Rde3 hxg3 27. hxg3 f6 28. Rh1 Kg7 29. g4 Qd7 30. Qf4 Rh8 31. Nb5 g5 32. Qe4 Rxh1 33.
Kxh1 Rh8+ 34. Kg1 e6 35. Nd4 exd5 36. Qxd5 Qf7 37. Qxd6 Qg6 38. Qe7+ Nf7 39. Ne6+ Kh6 40. Re2 Qb1+ 41. Kg2 Ne5 42. Qg7# 1-0

[Event "Late-Titled-Tuesday-Blitz-March-05-2024"]
[Site "Chess.com"]
[Date "2024.03.05"]
[Round "3"]
[White "N18player"]
[Black "GianmarcoVaR"]
[Result "0-1"]
[WhiteElo "2527"]
[BlackElo "2780"]
[TimeControl "180+1"]
[EndTime "14:28:33 PST"]
[Termination "GianmarcoVaR won by checkmate"]

1. Nf3 Nf6 2. g3 g6 3. Bg2 Bg7 4. O-O O-O 5. c4 d6 6. Nc3 Nbd7 7. d3 e5 8. Rb1 Re8 9. b4 e4 10. dxe4 Nxe4 11. Nxe4 Rxe4 12. Nd2 Re8 13. Bb2 a5 14. Bxg7 Kxg7 15. a3 Kg8 16. h4 axb4 17. axb4 Nf6 18.
e3 Bf5 19. Ra1 c6 20. Qb3 Nd7 21. Rxa8 Qxa8 22. Qb2 Qd8 23. Ra1 Qb6 24. h5 gxh5 25.
Ra5 Bg6 26. Nf3 Ne5 27. Nxe5 dxe5 28. c5 Qd8 29. Ra7 Re7 30. Qa1 Kg7 31. b5 Rd7 32. Qxe5+ f6 33. Qf4 Qe7 34. bxc6 bxc6 35. Rxd7 Qxd7 36.
Qd4 Qe8 37. Qd6 Be4 38. Bh3 Bd5 39. Bd7 Qe4 40. Kf1 Bc4+ 41. Ke1 Qb1+ 42. Kd2 Qb2+ 43. Ke1 Qe2# 0-1

[Event "Late-Titled-Tuesday-Blitz-March-05-2024"]
[Site "Chess.com"]
[Date "2024.03.05"]
[Round "3"]
[White "rodp92"]
[Black "DeTimmerman"]
[Result "0-1"]
[WhiteElo "2495"]
[BlackElo "2752"]
[TimeControl "180+1"]
[EndTime "14:28:33 PST"]
[Termination "DeTimmerman won by resignation"]

1. e4 e5 2. Nf3 Nc6 3. Bb5 f5 4. d4 fxe4 5. Bxc6 dxc6 6. Nxe5 Nf6 7. Nc3 Bd6 8. O-O Qe7 9. Bg5 Bf5 10. f3 e3 11. Re1 h6 12. Bxe3 O-O 13. Bf2 Qd8 14.
Qe2 Re8 15. Rad1 Nd5 16. Nxd5 cxd5 17. Bg3 c6 18. c4 dxc4 19. Qxc4+ Be6 20. Qc3 Bd5 21.
a3 Qc7 22. b4 a5 23. Re3 axb4 24. axb4 Ra4 25. Nc4 Rxe3 26. Nxe3 Bxg3 27. hxg3 Bf7 28. d5 Qd6 29. Nf5 Qf6 30. Qxf6 gxf6 31. d6 Ra8 32. Re1 Kf8 33. Re7 Rd8 34. Nxh6 Bg6 35. Rxb7 Rxd6 36.
g4 Rd1+ 37. Kh2 Rb1 38. Kg3 c5 39. b5 c4 40. b6 c3 41. Rc7 c2 42. Nf5 Bxf5 43.
gxf5 c1=Q 44. Rxc1 Rxc1 45. b7 Rb1 0-1

[Event "Late-Titled-Tuesday-Blitz-March-05-2024"]
[Site "Chess.com"]
[Date "2024.03.05"]
[Round "3"]
[White "PapaieDudu"]
[Black "maximnovik"]
[Result "0-1"]
[WhiteElo "2431"]
[BlackElo "2589"]
[TimeControl "180+1"]
[EndTime "14:28:33 PST"]
[Termination "maximnovik won by checkmate"]

1. Nf3 Nf6 2. d4 g6 3. c4 Bg7 4.
Nc3 d5 5. e3 O-O 6. Be2 c5 7.
O-O cxd4 8. exd4 Nc6 9. h3 dxc4 10. Bxc4 Bf5 11. Be3 Rc8 12. a3 Ne4 13. Qe2 Nxc3 14.
bxc3 Na5 15. Bb5 Rxc3 16. Bg5 Bf6 17. Bh6 Nb3 18. Rad1 a6 19. Ba4 Nxd4 20. Nxd4 Bxd4 21. Bxf8 Kxf8 22. Qe1 Qb6 23. Kh1 Rxa3 24. Qd2 Rxa4 25.
g4 Be6 26. Qh6+ Kg8 27. Rc1 Rc4 28. Rxc4 Bxc4 29. Rc1 Qc6+ 30. Kg1 b5 31. Qf4 e5 32. Qg5 Kg7 33. h4 h6 34. Qd2 Qd5 35. g5 h5 36.
Rd1 Qe4 37. Re1 Qg4+ 38. Kh2 Qxh4+ 39. Kg2 Bd5+ 40. Kf1 Qh3+ 41. Ke2 Qf3+ 42. Kf1 Bc4+ 43. Kg1 Qg4+ 44. Kh2 Bd5 45. Rg1 Qh4# 0-1

[Event "Late-Titled-Tuesday-Blitz-March-05-2024"]
[Site "Chess.com"]
[Date "2024.03.05"]
[Round "3"]
[White "kai_nov"]
[Black "Bugcrusher"]
[Result "1-0"]
[WhiteElo "2379"]
[BlackElo "2536"]
[TimeControl "180+1"]
[EndTime "14:28:35 PST"]
[Termination "kai_nov won by resignation"]

1. d4 e6 2. c4 Nf6 3. Nc3 Bb4 4. f3 O-O 5. e4 d5 6. cxd5 exd5 7. e5 Nfd7 8. a3 Be7 9. Nxd5 c5 10. f4 cxd4 11. Nxe7+ Qxe7 12. Nf3 Nc6 13. b4 f6 14. b5 Na5 15. Qxd4 fxe5 16. fxe5 Rxf3 17. gxf3 Nxe5 18. Kf2 Nb3 19. Qe4 Nxa1 20. Bb2 Ng4+ 21. Kg3 Qd6+ 22. Qf4 Qxf4+ 23. Kxf4 Nf2 24. Bc4+ Kf8 25. Rxa1 Nh3+ 26.
Kg3 Ng5 27. Rd1 Be6 28. Bxe6 Nxe6 29. a4 Rd8 30. Ba3+ Kf7 31. Rxd8 Nxd8 32. Kf4 Ke6 33. Ke4 Nf7 34. Bc5 a6 35. bxa6 bxa6 36. f4 g6 37.
h3 Nh6 38. Bd4 Nf5 39. Bf2 Kd6 40. Bb6 Ke6 41. Bc7 Ne7 42. Be5 Nc6 43. Bc7 Nb4 44. Kd4 Kf5 45. Kc5 Nd3+ 46. Kb6 Nxf4 47. Bxf4 Kxf4 48. Kxa6 Kg3 49. Kb6 Kxh3 50. a5 g5 51. a6 g4 52. a7 g3 53. a8=Q g2 54. Qf3+ Kh2 55. Qh5+ Kg1 56. Qxh7 Kf1 57. Qf5+ Kg1 58. Kc5 Kh2 59. Qh5+ Kg3 60. Qg5+ Kh3 61. Kd4 Kh2 62. Qh4+ Kg1 63. Ke3 1-0

[Event "Late-Titled-Tuesday-Blitz-March-05-2024"]
[Site "Chess.com"]
[Date "2024.03.05"]
[Round "3"]
[White "StrackedAktonamee"]
[Black "Lennis93"]
[Result "0-1"]
[WhiteElo "2493"]
[BlackElo "2698"]
[TimeControl "180+1"]
[EndTime "14:28:39 PST"]
[Termination "Lennis93 won on time"]

1. e4 e5 2. Nf3 Nc6 3. Bb5 a6 4. Ba4 Nf6 5. O-O Be7 6. Re1 b5 7. Bb3 d6 8. c3 O-O 9. d4 Bg4 10. d5 Na5 11. Bc2 c6 12. dxc6 Nxc6 13. h3 Bh5 14. Nbd2 Qb6 15. Nf1 Rad8 16. Ng3 Bg6 17. Be3 Qb7 18. Nh4 d5 19. Nxg6 hxg6 20. exd5 Na5 21.
Qf3 Nc4 22. b3 Na3 23. Bd3 Qxd5 24. Be4 Nxe4 25. Qxe4 Qxe4 26. Nxe4 Nc2 27. Rec1 Nxa1 28. Rxa1 f5 29. Bc5 Rf7 30. Bxe7 Rxe7 31. Nc5 a5 32. a4 b4 33. cxb4 axb4 34. a5 Ra7 35. Ra4 Rd5 36. Ne6 Raxa5 37. Rxb4 Rdb5 38. Rc4 Kf7 39.
Ng5+ Kf6 40. h4 e4 41. Rc6+ Ke5 42. Rxg6 Ra7 43. Re6+ Kd4 44. Nh3 Rxb3 45. Ng5 Rb5 46. Rd6+ Rd5 47. Re6 Re5 48. Rd6+ Kc5 49. Rg6 f4 50. Ne6+ Kc4 51. Nxf4 Ra1+ 52. Kh2 Re7 53.
Rc6+ Kd4 54. Rg6 Ke5 55. Nh5 Raa7 56. Rg5+ Kd4 0-1

[Event "Late-Titled-Tuesday-Blitz-March-05-2024"]
[Site "Chess.com"]
[Date "2024.03.05"]
[Round "3"]
[White "Road2GM3000"]
[Black "GaiozNigalidze"]
[Result "1-0"]
[WhiteElo "2505"]
[BlackElo "2670"]
[TimeControl "180+1"]
[EndTime "14:28:39 PST"]
[Termination "Road2GM3000 won on time"]

1. d4 g6 2. c4 Bg7 3. Nc3 a6 4. e4 c6 5. f4 b5 6. Nf3 d6 7. Be3 Nd7 8. Be2 Ngf6 9. O-O b4 10.
e5 Ng4 11. Bc1 bxc3 12. bxc3 h5 13. Ng5 Nh6 14. f5 Nxf5 15. Rxf5 O-O 16. Rf1 dxe5 17. Bxh5 exd4 18. Qd3 Ne5 19. Qe4 dxc3 20. Bf4 Qd3 21. Qe1 Qd4+ 22. Be3 Qxc4 23. Rf4 Nd3 24. Qf1 Qd5 25.
Bf3 Qxg5 26. Qxd3 Bf5 27. Qc4 Rad8 28. Rc1 Rd6 29. g4 Be6 30. Qc5 Bd5 31. Rxf7 Qxe3+ 32. Qxe3 Rxf7 33. Bxd5 cxd5 34. Qd3 d4 35. h4 Bh6 36. g5 Bg7 37. Rf1 Rxf1+ 38. Kxf1 Rc6 39. Qc2 d3 40. Qxd3 c2 41. Qd5+ Re6 42. Qxe6+ Kh7 43. Qc4 c1=Q+ 44. Qxc1 1-0

[Event "Late-Titled-Tuesday-Blitz-March-05-2024"]
[Site "Chess.com"]
[Date "2024.03.05"]
[Round "3"]
[White "Agibileg"]
[Black "WPWPWP-2015"]
[Result "1-0"]
[WhiteElo "2654"]
[BlackElo "2486"]
[TimeControl "180+1"]
[EndTime "14:28:40 PST"]
[Termination "Agibileg won on time"]

1. d4 Nf6 2. c4 e6 3. Nc3 Bb4 4.
e3 O-O 5. Bd3 d5 6. a3 Bd6 7. c5 Be7 8. b4 b6 9. Nf3 a5 10. Bb2 axb4 11. axb4 Rxa1 12. Qxa1 Nc6 13. Qa4 Bd7 14. Bb5 Nb8 15. O-O Bxb5 16. Qxb5 c6 17. Qd3 Nbd7 18. Ra1 Qc7 19. h3 b5 20. Nd2 e5 21.
Nb3 e4 22. Qe2 h6 23. Bc1 Re8 24. Ra6 Nb8 25. Ra3 Bd8 26. Qa2 Qd7 27. Ra7 Bc7 28. Rb7 Re7 29. Kf1 Kh7 30. Qa7 Qc8 31. Bd2 Nh5 32. Be1 f5 33. Ne2 g5 34. Na5 f4 35.
Rxb8 Qxb8 36. Qxb8 Bxb8 37. Nxc6 Re8 38. Nc3 fxe3 39.
fxe3 Rf8+ 40. Ke2 Bg3 41. Nxb5 Bxe1 42. Kxe1 Ng3 43. Nc3 Rf1+ 44. Kd2 Rf2+ 45. Kc1 Nf1 46. Nxd5 Rxg2 47. b5 Nd2 48. b6 Nb3+ 49. Kd1 1-0

[Event "Late-Titled-Tuesday-Blitz-March-05-2024"]
[Site "Chess.com"]
[Date "2024.03.05"]
[Round "3"]
[White "Jahonas"]
[Black "laziestwin"]
[Result "0-1"]
[WhiteElo "2395"]
[BlackElo "2569"]
[TimeControl "180+1"]
[EndTime "14:28:40 PST"]
[Termination "laziestwin won by checkmate"]

1. d4 d5 2. Nf3 Nf6 3. c4 e6 4. Nc3 dxc4 5. a4 c5 6. e3 Nc6 7. Bxc4 cxd4 8. exd4 Bb4 9. O-O O-O 10. h3 b6 11. d5 Na5 12. Ba2 Bxc3 13. bxc3 Nxd5 14.
Qd3 Bb7 15. Ba3 Re8 16. Rfd1 Qf6 17. Nd4 Nf4 18. Qe3 Nxg2 19. Qg3 Nh4 20. Rd3 e5 21.
Nb5 Nf3+ 22. Kf1 e4 23. Rd6 Qf5 24. Rad1 e3 25. fxe3 Nd2+ 26. Kg1 Ne4 27. Qf4 Nxd6 28. Bxd6 Qxh3 29. Qg3 Qh1+ 30. Kf2 Qxd1 31. Bxf7+ Kxf7 32. Be5 Qd2+ 33. Kf1 Qd1+ 34. Kf2 Qd2+ 35. Kf1 Qg2+ 36. Qxg2 Bxg2+ 37. Kxg2 Rxe5 38. Nd6+ Ke6 39. Nb5 Rxb5 40. axb5 Rc8 41. Kf3 Rxc3 42. Kf4 Rc5 43. e4 Rxb5 44. Ke3 Re5 45. Kd4 Nc6+ 46. Kc4 g5 47. Kd3 g4 48. Ke3 h5 49. Kf4 a5 50. Kg3 a4 51. Kh4 a3 52. Kg3 a2 53. Kh4 a1=Q 54. Kg3 Qe1+ 55. Kg2 h4 56. Kh2 b5 57. Kg2 b4 58. Kh2 b3 59.
Kg2 b2 60. Kh2 b1=Q 61. Kg2 Qbxe4+ 62. Kh2 Qf2# 0-1

[Event "Late-Titled-Tuesday-Blitz-March-05-2024"]
[Site "Chess.com"]
[Date "2024.03.05"]
[Round "3"]
[White "jaskol95"]
[Black "semchik73"]
[Result "1-0"]
[WhiteElo "2574"]
[BlackElo "2416"]
[TimeControl "180+1"]
[EndTime "14:28:41 PST"]
[Termination "jaskol95 won on time"]

1. e4 Nf6 2. e5 Nd5 3. c4 Nb6 4. a4 a5 5. Ra3 e6 6. Re3 d6 7.
exd6 Bxd6 8. d4 Bf4 9. Re4 Bxc1 10. Qxc1 O-O 11. Nf3 Nxa4 12. Bd3 c5 13. Rh4 f5 14.
O-O Nc6 15. d5 Ne5 16. Nxe5 Qxh4 17. b3 Nb6 18. Qe3 exd5 19. Qxc5 dxc4 20. bxc4 Qf6 21. Nc3 Be6 22. Re1 Nd7 23. Nxd7 Bxd7 24. Qd5+ Qf7 25.
Qxb7 Rfe8 26. Rd1 Be6 27. Qb5 Reb8 28. Qe5 Bxc4 29. Bxc4 Qxc4 30. Nd5 Kh8 31. Qxf5 Rd8 32. h4 Ra7 33. Kh2 Rad7 34. Ne3 Qc7+ 35. g3 Rxd1 36. Nxd1 h6 37. Ne3 Qd7 38. Qxa5 Qd2 39. Qf5 Qd7 40. Qf3 Qe6 41. Ng2 Re8 42. Nf4 Qf6 43. Qg4 Kh7 44.
h5 Re5 45. Qf3 1-0

[Event "Late-Titled-Tuesday-Blitz-March-05-2024"]
[Site "Chess.com"]
[Date "2024.03.05"]
[Round "3"]
[White "Yaacovn"]
[Black "Hamisandwich"]
[Result "1-0"]
[WhiteElo "2867"]
[BlackElo "2659"]
[TimeControl "180+1"]
[EndTime "14:28:42 PST"]
[Termination "Yaacovn won on time"]

1. d4 d5 2. Nf3 e6 3. Bf4 c5 4. e3 Nc6 5. c3 Bd6 6. Bg3 Nge7 7.
Nbd2 cxd4 8. exd4 f6 9. Bb5 a6 10. Ba4 O-O 11. Qe2 Ng6 12. O-O Re8 13. Rfe1 Bxg3 14. hxg3 Qd6 15. Rad1 Bd7 16. Nf1 b5 17. Bb3 Na5 18. Bc2 Nc4 19. b3 Nb6 20. Bxg6 hxg6 21. Nh4 g5 22. Ng6 Rec8 23. Qh5 Be8 24. Ne3 Bxg6 25. Qxg6 Nd7 26. Ng4 Kf8 27. Re3 Qe7 28.
Rde1 Rc6 29. Qh7 Rac8 30. f4 gxf4 31. gxf4 Qf7 32. f5 Re8 33. Qh8+ Qg8 34. Qh5 Qf7 35. Qh8+ Qg8 36. Qh2 Qf7 37. Qf4 Kg8 38. Rg3 Kf8 39.
Nh6 Qe7 40. Qg4 e5 41. Qg6 Rec8 42. Qh7 Ke8 43. dxe5 Nf8 44. Qxg7 Qxg7 45. Rxg7 fxe5 46. Rxe5+ Kd8 47. Kh2 Rxh6+ 48. Kg1 Rf6 49. g4 Rxc3 50.
g5 Rfc6 51. Rg8 Kd7 52. Rxf8 Rc2 53. Rfe8 Rxa2 54. R5e7+ Kd6 55. Re6+ Kc5 56. Rxc6+ Kxc6 57. g6 Ra3 58. g7 1-0

[Event "Late-Titled-Tuesday-Blitz-March-05-2024"]
[Site "Chess.com"]
[Date "2024.03.05"]
[Round "3"]
[White "JSPrepz"]
[Black "Emp3rador"]
[Result "1/2-1/2"]
[WhiteElo "2839"]
[BlackElo "2630"]
[TimeControl "180+1"]
[EndTime "14:28:42 PST"]
[Termination "Game drawn by repetition"]

1. e4 e5 2. Nf3 Nf6 3. Nc3 Nc6 4. a3 d5 5. Bb5 dxe4 6. Nxe5 Qd6 7. d4 exd3 8. Bf4 d2+ 9. Kf1 Qe6 10. Bc4 Qf5 11. Qxd2 Nxe5 12. Bxe5 Bc5 13. Bxf6 Qxf6 14. Re1+ Kf8 15.
Ne4 Qd4 16. Qxd4 Bxd4 17. Rd1 Bf6 18. Nxf6 gxf6 19. Rd8+ Kg7 20. Rxh8 Kxh8 21. Bxf7 Bf5 22. Bb3 Rd8 23. Ke2 Re8+ 24. Kd2 Rd8+ 25. Kc1 Re8 26. Bc4 Kg7 27. Rd1 Re7 28. h3 h5 29.
a4 Kh6 30. c3 h4 31. Rd4 Kg5 32. Kd2 b6 33. Be2 c5 34. Rd8 Rd7+ 35. Rxd7 Bxd7 36.
b3 f5 37. Ke3 f4+ 38. Kd2 Bc6 39. f3 Kf6 40. Bb5 Bd5 41. b4 Ke5 42. Be8 a5 43. bxc5 bxc5 44. Kd3 Be6 45. c4 Bf5+ 46. Kc3 Be6 47.
Bc6 Bf5 48. Bd5 Bg6 49. Bc6 Bf5 50. Be8 Kd6 51. Bf7 Ke5 52. Be8 1/2-1/2